[Event "Moscow-chW 2019"]
[Site "Moscow"]
[Date "2019.03.31"]
[Round "2.23"]
[White "Petrova, Elizaveta"]
[Black "Zakharova, Oksana"]
[Result "0-1"]
[ECO "A00"]
[WhiteElo "1570"]
[BlackElo "1751"]
[Annotator "NA RC"]
[PlyCount "154"]
[EventDate "2019.03.30"]
[EventType "swiss"]
[EventCountry "RUS"]
[SourceTitle "playchess.com"]
[Source "ChessBase"]
[SourceQuality "1"]
[TimeControl "5400+30"]

1. d4 Nf6 2. c4 e6 3. Nf3 Bb4+ 4. Bd2 Bxd2+ 5. Nbxd2 O-O 6. e3 d6 7. Be2 Nbd7 8. O-O e5 9. d5 Re8 10. e4 Nf8 11. b4 Qe7 12. Qc2 Ng6 13. c5 Nf4 14. Nb3 N6h5 15. Bb5 Rd8 16. Rfe1 Bg4 17. Qc3 Qf6 18. Nbd2 Qg6 19. g3 Nh3+ 20. Kf1 f5 21. Ng1 Nxg1 22. Kxg1 fxe4 23. Nxe4 Rf8 24. Re3 Bf5 25. Qe1 Nf4 26. Bf1 Nxd5 27. Bc4 Be6 28. Bxd5 Bxd5 29. cxd6 cxd6 30. Rd1 Bxe4 31. Rxe4 Rad8 32. Qe3 Qf5 33. Re1 h6 34. Qb3+ Kh8 35. R1e2 Rf6 36. a4 Rc8 37. Qe3 Rf7 38. Kg2 b6 39. a5 bxa5 40. bxa5 Rfc7 41. Rd2 Rc3 42. Qe2 Qf6 43. Re3 R3c5 44. a6 Rc1 45. Rd1 Rxd1 46. Qxd1 Qe6 47. Rd3 Rc6 48. Rb3 d5 49. Rb8+ Kh7 50. Qb1+ e4 51. Rb7 Rxa6 52. Qd1 Qf5 53. Qd4 Rf6 54. Rb3 a5 55. Ra3 Ra6 56. h4 Qe6 57. Ra4 Qc6 58. Ra3 a4 59. g4 Qb5 60. g5 h5 61. Qd1 Kg6 62. Kg3 Qc4 63. f4 d4 64. f5+ Kxf5 65. Qxh5 Qc7+ 66. Kh3 e3 67. Qg4+ Kg6 68. Qe4+ Kf7 69. Qd5+ Ke7 70. Qe4+ Kf8 71. Qf5+ Kg8 72. Qd5+ Qf7 73. Qd8+ Qf8 74. Qd5+ Kh8 75. Qxd4 Qxa3 76. Qd8+ Kh7 77. g6+ Rxg6 0-1

[Event "Moscow-chW 2019"]
[Site "Moscow"]
[Date "2019.04.02"]
[Round "4.3"]
[White "Diakonova, Ekaterina"]
[Black "Zotova, Anastasia"]
[Result "1/2-1/2"]
[ECO "B90"]
[WhiteElo "2214"]
[BlackElo "2148"]
[Annotator "NA RC"]
[PlyCount "95"]
[EventDate "2019.03.30"]
[EventType "swiss"]
[EventCountry "RUS"]
[SourceTitle "playchess.com"]
[Source "ChessBase"]
[SourceQuality "1"]
[TimeControl "5400+30"]

1. e4 c5 2. Nf3 d6 3. d4 cxd4 4. Nxd4 Nf6 5. Nc3 a6 6. h3 e5 7. Nde2 h5 8. g3 Be7 9. a4 b6 10. Bg2 Bb7 11. O-O Nbd7 12. Nd5 Nxd5 13. exd5 Rc8 14. Be3 Qc7 15. Rc1 b5 16. f4 h4 17. g4 exf4 18. Nxf4 Ne5 19. Nh5 O-O 20. c3 Qc4 21. b3 Qd3 22. Bd4 Qxd1 23. Rcxd1 Bg5 24. Ra1 Ra8 25. Nf4 Rfe8 26. Bb6 Rac8 27. Bd4 Ra8 28. Kh1 Bxf4 29. Rxf4 Nd3 30. Rff1 Re2 31. axb5 axb5 32. Rxa8+ Bxa8 33. Ra1 Bb7 34. c4 bxc4 35. bxc4 Rc2 36. Rd1 Nf4 37. Bf1 Kf8 38. Be3 Ne2 39. Bxe2 Rxe2 40. Bg5 Re4 41. Rb1 Ba6 42. c5 dxc5 43. d6 Ke8 44. Rb8+ Kd7 45. Rd8+ Kc6 46. d7 Bc4 47. Rc8+ Kxd7 48. Rxc5 1/2-1/2

[Event "Moscow-chW 2019"]
[Site "Moscow"]
[Date "2019.04.06"]
[Round "8.1"]
[White "Borisova, Ekaterina"]
[Black "Charochkina, Daria"]
[Result "1-0"]
[ECO "D02"]
[WhiteElo "2255"]
[BlackElo "2330"]
[Annotator "NA"]
[PlyCount "49"]
[EventDate "2019.03.30"]
[EventType "swiss"]
[EventCountry "RUS"]
[SourceTitle "playchess.com"]
[Source "ChessBase"]
[SourceQuality "1"]
[TimeControl "5400+30"]

1. d4 d5 2. Nf3 Nf6 3. c4 c6 4. g3 dxc4 5. Bg2 b5 6. Ne5 {[%emt 0:01:15] LiveBook: 29 Games} Bb7 7. O-O e6 8. Nc3 Qc8 9. b3 Nd5 10. Qc2 cxb3 11. Qxb3 Nd7 12. Nxd5 Nxe5 13. Nc3 $16 Nd7 14. Ba3 Bxa3 15. Qxa3 Nb6 16. Qc5 Qd7 17. a4 b4 18. Qxb4 Nd5 19. Bxd5 exd5 20. Rfb1 Ba6 21. e4 f6 22. exd5 cxd5 23. Nb5 Kf7 24. Rc1 Rab8 25. Qa5 1-0

[Event "Moscow-chW 2019"]
[Site "Moscow"]
[Date "2019.04.06"]
[Round "8.2"]
[White "Utiatskaja, Irina"]
[Black "Fominykh, Maria"]
[Result "1-0"]
[ECO "A65"]
[WhiteElo "2210"]
[BlackElo "2259"]
[Annotator "NA"]
[PlyCount "85"]
[EventDate "2019.03.30"]
[EventType "swiss"]
[EventCountry "RUS"]
[SourceTitle "playchess.com"]
[Source "ChessBase"]
[SourceQuality "1"]
[TimeControl "5400+30"]

1. d4 Nf6 2. c4 c5 3. d5 e6 4. Nc3 exd5 5. cxd5 d6 6. e4 g6 7. Bd3 Bg7 {[%emt 0:00:06] LiveBook: 681 Games} 8. Nge2 O-O 9. O-O Na6 $14 10. Ng3 Re8 11. a4 Nc7 12. Bg5 h6 13. Bd2 b6 14. f4 Ng4 15. Nce2 Ba6 16. Bxa6 Nxa6 17. h3 Nf6 18. Nc3 c4 19. Qf3 Nc5 20. Rae1 Nb3 21. Be3 a6 22. e5 dxe5 23. f5 Nd4 24. Qf2 Kh8 25. fxg6 fxg6 26. Bxh6 Bxh6 27. Qxf6+ Qxf6 28. Rxf6 Rg8 29. Rxb6 Nc2 30. Rxe5 Be3+ 31. Rxe3 Nxe3 32. Re6 Nc2 33. Nge4 Nd4 34. Rb6 Rab8 35. Rxa6 Rxb2 36. d6 Rd8 37. Ra7 Nf5 38. Nf6 Ng7 39. Rc7 Rd2 40. Nce4 Rd4 41. Ng5 Rf8 42. Nf7+ Rxf7 43. Rxf7 1-0

[Event "Moscow-chW 2019"]
[Site "Moscow"]
[Date "2019.04.06"]
[Round "8.3"]
[White "Kirchei, Viktoriia"]
[Black "Smirnova, Ekaterina"]
[Result "1/2-1/2"]
[ECO "C07"]
[WhiteElo "2086"]
[BlackElo "2153"]
[Annotator "NA"]
[PlyCount "143"]
[EventDate "2019.03.30"]
[EventType "swiss"]
[EventCountry "RUS"]
[SourceTitle "playchess.com"]
[Source "ChessBase"]
[SourceQuality "1"]
[TimeControl "5400+30"]

1. e4 e6 2. d4 d5 3. Nd2 c5 4. exd5 Qxd5 5. dxc5 Bxc5 6. Ngf3 Nf6 7. Bc4 Qc6 8. Qe2 O-O 9. O-O a6 10. Ne5 Qc7 11. Ndf3 Nbd7 12. Nxf7 Rxf7 13. Bxe6 Nf8 14. Bxf7+ Qxf7 15. Ng5 Bg4 16. Qxg4 Nxg4 17. Nxf7 Kxf7 18. h3 Nf6 19. Re1 Ne6 20. Be3 Bf8 21. Rad1 Rc8 22. c3 Rc4 23. g4 h6 24. f3 g5 25. Kg2 Rc6 26. h4 Bd6 27. hxg5 hxg5 28. a4 Nf4+ 29. Bxf4 Bxf4 30. Rd4 a5 31. Re2 Rc8 32. Rd3 b6 33. Kf2 Rh8 34. Kg1 Rc8 35. Kf1 Rc5 36. Ke1 Nd5 37. Re4 Kf6 38. Kd1 Be5 39. Kc1 Nf4 40. Rd1 Ng6 41. Rd7 Rc6 42. Rd5 Bf4+ 43. Kd1 Ne5 44. Ke2 Nc4 45. b3 Nd6 46. Red4 Ke6 47. c4 Rc8 48. Rd1 Kd7 49. Re1 Kc6 50. Kd3 Rh8 51. Re2 Rh1 52. Kc2 Rc1+ 53. Kb2 Rf1 54. Rd3 Kc5 55. Rd5+ Kc6 56. Rd3 Kd7 57. Kc3 Rh1 58. Kd4 Kc6 59. Kc3 Rh6 60. Re7 Rf6 61. Rd5 Rh6 62. Rd3 Nb7 63. Re2 Nc5 64. Rd1 Rh3 65. Rf1 Nd7 66. Re6+ Kc5 67. Kd3 Kb4 68. Kd4 Kxb3 69. Re2 Kb4 70. Rb1+ Ka3 71. Ra1+ Kb3 72. Rb1+ 1/2-1/2

[Event "Moscow-chW 2019"]
[Site "Moscow"]
[Date "2019.04.06"]
[Round "8.4"]
[White "Mirzoeva, Elmira"]
[Black "Zotova, Anastasia"]
[Result "1-0"]
[ECO "A48"]
[WhiteElo "2262"]
[BlackElo "2148"]
[Annotator "NA"]
[PlyCount "91"]
[EventDate "2019.03.30"]
[EventType "swiss"]
[EventCountry "RUS"]
[SourceTitle "playchess.com"]
[Source "ChessBase"]
[SourceQuality "1"]
[TimeControl "5400+30"]

1. d4 Nf6 2. Nf3 g6 3. Nbd2 d5 4. e3 Bg7 5. b4 O-O 6. c4 {[%emt 0:01:16] LiveBook: 143 Games} Nbd7 7. Be2 Re8 8. Bb2 b6 9. O-O c5 $14 10. dxc5 bxc5 11. b5 (11. cxd5 $16 cxb4 12. a3) 11... Bb7 12. a4 e5 13. cxd5 e4 14. Ng5 h6 15. Nh3 Nxd5 16. Bxg7 Kxg7 17. Qc2 Qe7 18. Rac1 Rac8 19. Rfd1 Kh7 20. a5 f5 21. Nc4 Ne5 22. Qb2 g5 23. Nxe5 Qxe5 24. Qxe5 Rxe5 25. Bc4 Rc7 26. Kf1 Kg6 27. g3 Kf6 28. Rd2 Ke7 29. Ng1 f4 30. exf4 gxf4 31. gxf4 Nxf4 32. Ne2 Nh3 33. Nc3 Rg5 34. Re1 Rd7 35. Rxd7+ Kxd7 36. Re3 Rg1+ 37. Ke2 Nf4+ 38. Kd2 Ng2 39. Rg3 e3+ 40. fxe3 Ra1 41. a6 Ba8 42. Rg7+ Kd6 43. Rxa7 Bf3 44. b6 Bc6 45. b7 Kc7 46. Ra8 1-0

[Event "Moscow-chW 2019"]
[Site "Moscow"]
[Date "2019.04.07"]
[Round "9.1"]
[White "Akopova, Anna"]
[Black "Borisova, Ekaterina"]
[Result "0-1"]
[ECO "D45"]
[WhiteElo "2128"]
[BlackElo "2255"]
[Annotator "NA"]
[PlyCount "141"]
[EventDate "2019.03.30"]
[EventType "swiss"]
[EventCountry "RUS"]
[SourceTitle "playchess.com"]
[Source "ChessBase"]
[SourceQuality "1"]
[TimeControl "5400+30"]

1. d4 d5 2. c4 c6 3. Nc3 Nf6 4. e3 e6 5. Nf3 Nbd7 6. Qc2 b6 7. Bd3 Bb7 8. O-O Be7 9. Rd1 O-O 10. e4 dxe4 11. Nxe4 Nxe4 12. Bxe4 Nf6 13. Be3 Nxe4 14. Qxe4 Qc8 15. c5 Qd7 16. Rac1 Qd5 17. Qf4 Ba6 $11 18. Nd2 Rac8 19. Qe4 Rfd8 20. b4 Qd7 21. f3 bxc5 22. bxc5 Be2 23. Re1 Bb5 24. Qc2 Bh4 25. g3 Bf6 26. a4 Bxd4 27. axb5 Bxe3+ 28. Rxe3 Qxd2 29. Qxd2 Rxd2 30. Ra3 Rd7 31. b6 axb6 32. cxb6 h5 33. Rb1 Rb8 34. Rc3 Rd6 35. Rc5 g6 36. Ra5 Kg7 37. Kf2 Kf6 38. Ke3 c5 39. b7 Rd7 40. Rab5 c4 41. Kf4 c3 42. g4 c2 43. g5+ Ke7 44. Rc1 Rd2 45. h4 Rd4+ 46. Ke5 Rc4 47. Rb2 Rc7 48. Rcxc2 Rxc2 49. Rxc2 Rxb7 50. f4 Rb5+ 51. Ke4 Rb3 52. Rc7+ Kf8 53. f5 Rb4+ 54. Kf3 gxf5 55. Kg3 Kg7 56. Ra7 Rb3+ 57. Kg2 Kg6 58. Ra8 Kg7 59. Ra7 Rb8 60. Kg3 Kg6 61. Ra6 Re8 62. Kf4 f6 63. gxf6 Kxf6 64. Ra7 Rg8 65. Rh7 Rg4+ 66. Kf3 Rxh4 67. Kg3 Rg4+ 68. Kf3 h4 69. Rh6+ Ke5 70. Kf2 f4 71. Ke2 0-1

[Event "Moscow-chW 2019"]
[Site "Moscow"]
[Date "2019.04.07"]
[Round "9.2"]
[White "Utiatskaja, Irina"]
[Black "Kirchei, Viktoriia"]
[Result "1/2-1/2"]
[ECO "B07"]
[WhiteElo "2210"]
[BlackElo "2086"]
[Annotator "NA"]
[PlyCount "110"]
[EventDate "2019.03.30"]
[EventType "swiss"]
[EventCountry "RUS"]
[SourceTitle "playchess.com"]
[Source "ChessBase"]
[SourceQuality "1"]
[TimeControl "5400+30"]

1. e4 d6 2. d4 Nf6 3. Nc3 Nbd7 4. Bc4 e5 5. Nf3 Be7 6. O-O O-O 7. a4 b6 8. Re1 a6 9. b3 Bb7 10. Bb2 {[%emt 0:00:50] LiveBook: 108 Games} c6 11. Bf1 {[%emt 0:01:07] C41: Philidor Defence} (11. d5 Nc5 12. dxc6 Bxc6 13. Nd2 Qd7 14. Qe2 Rfc8 15. Ba3 Ne6 16. g3 Nd4 17. Qd1 b5 18. Bd3 Qh3 19. Bf1 Qh6 20. Re3 Bd7 21. f3 Qxe3+ {0-1 (21) Zhang,Z (2645)-Bortnyk,O (2581) Doha 2016}) 11... Qc7 12. g3 Kh8 $146 ({Predecessor:} 12... Rfe8 13. Bg2 Bf8 14. Nh4 Rad8 15. Nf5 g6 16. Ne3 exd4 17. Qxd4 Bg7 18. Qc4 Qb8 {1-0 (48) Pitschka,C (2249)-August,D (2056) Hastings 2018}) 13. Bg2 Ng8 14. Bh3 Rad8 15. Nb1 Bf6 16. c4 exd4 17. Bxd4 Ne5 18. Bc3 $11 Rfe8 19. Nxe5 dxe5 20. Qe2 Be7 21. a5 b5 22. b4 c5 23. bxc5 bxc4 24. Qxc4 Qxc5 25. Na3 Nf6 26. Qxc5 Bxc5 27. Bg2 Rd3 28. Nb1 Rc8 29. Ra2 Bd4 30. Bxd4 exd4 31. e5 Bxg2 32. Kxg2 Nd5 33. Rb2 Nc3 34. Nxc3 dxc3 35. Rc2 Rd2 36. Rxd2 cxd2 37. Rd1 Rd8 38. Kf3 Rd5 39. Ke4 Rxa5 40. Rxd2 g6 41. Rd7 Kg8 42. Ra7 Ra2 43. Kf3 h5 44. h4 Ra4 45. Ke3 Kf8 46. Kf3 Ra2 47. Kg2 a5 48. Kf3 a4 49. Kg2 a3 50. Kf3 Ke8 51. Kg2 Kf8 52. Kf3 Ra1 53. Kg2 Ke8 54. Kf3 Kf8 55. Kg2 Ke8 1/2-1/2

[Event "Moscow-chW 2019"]
[Site "Moscow"]
[Date "2019.04.07"]
[Round "9.3"]
[White "Charochkina, Daria"]
[Black "Korchagina, Alena"]
[Result "1-0"]
[ECO "D00"]
[WhiteElo "2330"]
[BlackElo "2191"]
[Annotator "NA"]
[PlyCount "99"]
[EventDate "2019.03.30"]
[EventType "swiss"]
[EventCountry "RUS"]
[SourceTitle "playchess.com"]
[Source "ChessBase"]
[SourceQuality "1"]
[TimeControl "5400+30"]

1. d4 d5 2. Bf4 Nf6 3. e3 c5 4. c3 Nc6 5. Nd2 e6 6. Ngf3 Bd6 7. Bg3 O-O 8. Bb5 Ne7 9. Bd3 Nf5 10. Be5 Bxe5 11. Nxe5 b6 12. Qf3 Nd6 13. Qh3 Nfe4 14. f3 Ng5 15. Qh5 g6 16. Qh6 Nf5 17. Bxf5 $11 exf5 18. Nc6 Qf6 19. h4 Ne6 20. h5 Re8 21. O-O-O Nxd4 22. Nxd4 cxd4 23. exd4 Qg7 24. hxg6 fxg6 25. Qf4 g5 26. Qd6 Be6 27. Rde1 Rad8 28. Qe5 f4 29. g4 Bf7 30. Qf5 h6 31. Re5 Rxe5 32. Qxe5 Re8 33. Qd6 Kh7 34. Qd7 a5 35. c4 Re2 36. cxd5 Bg6 37. Qxg7+ Kxg7 38. d6 Re8 39. Nc4 Rc8 40. b3 b5 41. d7 Rd8 42. Ne5 a4 43. Kd2 axb3 44. axb3 Bf7 45. Rc1 Be6 46. Rc6 Kf6 47. d5 Kxe5 48. dxe6 Kf6 49. Rc8 Ke7 50. b4 1-0

[Event "Moscow-chW 2019"]
[Site "Moscow"]
[Date "2019.04.07"]
[Round "9.4"]
[White "Diakonova, Ekaterina"]
[Black "Mirzoeva, Elmira"]
[Result "1-0"]
[ECO "B30"]
[WhiteElo "2214"]
[BlackElo "2262"]
[Annotator "NA"]
[PlyCount "71"]
[EventDate "2019.03.30"]
[EventType "swiss"]
[EventCountry "RUS"]
[SourceTitle "playchess.com"]
[Source "ChessBase"]
[SourceQuality "1"]
[TimeControl "5400+30"]

1. e4 c5 2. Nf3 Nc6 3. Bb5 Nf6 4. e5 Nd5 5. c3 g6 6. O-O Bg7 7. d4 cxd4 8. cxd4 O-O 9. Nc3 Nc7 10. Bf4 Nxb5 11. Nxb5 a6 {[%emt 0:12:26] B31: Sicilian: 2...Nc6 3 Bb5 g6} 12. Nc3 d6 13. exd6 exd6 14. d5 (14. h3 d5 15. Re1 Be6 16. Qd2 Re8 17. Re2 Qb6 18. Rae1 Nxd4 19. Nxd4 Qxd4 20. Qxd4 Bxd4 21. Nxd5 Rac8 22. Bd6 Kh8 23. Nc7 Red8 24. Nxe6 Rxd6 25. Nxd4 Rxd4 26. Re7 Kg7 27. R1e2 b5 {½-½ (27) Zvjaginsev,V (2636)-Bacrot,E (2722) Moscow 2009}) 14... Ne7 $146 ({Predecessor:} 14... Ne5 15. h3 b5 16. a3 {0-1 (23) Meskenaite,R (1706)-Gailiunaite,S (1894) Kaunas 2017}) 15. h3 h6 16. Qd2 g5 17. Bh2 Ng6 18. Nd4 Qb6 19. Rad1 Re8 $14 20. Na4 Qxd4 21. Qxd4 Bxd4 22. Rxd4 Ne5 23. Nb6 Rb8 24. f4 gxf4 25. Rdxf4 f5 26. Rh4 Nf7 27. Rc1 f4 28. Rxf4 Ne5 29. Rf6 Kg7 30. Rxd6 Bf5 31. Bxe5+ Rxe5 32. g4 Be4 33. Rc7+ Kg8 34. Nd7 Rxd5 35. Nf6+ Kf8 36. Nxd5 1-0